 Dungeon Crawl Stone Soup version 0.18-a0-1195-g77a4f03 (webtiles) character file.

135 Kidiri the Conjurer (level 4, 0/25 HPs)
             Began as a Deep Elf Conjurer on Jan 29, 2016.
             Killed from afar by an orc wizard (1 damage)
             ... with a puff of flame
             ... on level 3 of the Dungeon.
             The game lasted 00:09:34 (2632 turns).

Kidiri the Conjurer (Deep Elf Conjurer)             Turns: 2632, Time: 00:09:34

Health: 0/25       AC:  5    Str:  5    XL:     4   Next: 96%
Magic:  1/11       EV: 13    Int: 21    God:
Gold:   98         SH:  0    Dex: 15    Spells: 4 memorised, 0 levels left

rFire  + . .     SeeInvis .     q - +0 short sword
rCold  . . .     Gourm    .     n - +2 robe {rF+}
rNeg   . . .     Faith    .     (no shield)
rPois  .         Spirit   .     (no helmet)
rElec  .         Dismiss  .     (no cloak)
rCorr  .         Reflect  .     m - +0 pair of gloves
SustAt .         Harm     .     (no boots)
MR     .....                    (no amulet)
Stlth  ++........               (no ring)
                                (no ring)

@: not resistant to hostile enchantments, unstealthy
A: no striking features
a: no special abilities


You were on level 3 of the Dungeon.
You were very hungry.

You visited 1 branch of the dungeon, and saw 4 of its levels.

You collected 98 gold pieces.

Inventory:

Hand Weapons
 q - a +0 short sword (weapon)
Missiles
 j - a throwing net (quivered)
Armour
 m - a +0 pair of gloves (worn)
 n - a +2 robe of fire resistance (worn)
Scrolls
 a - a scroll of blinking
 f - a scroll of random uselessness {unknown}
 h - a scroll of recharging
 k - a scroll of immolation {unknown}
Potions
 e - 2 potions of agility
 g - 2 potions of invisibility
 o - a potion of poison {unknown}
Books
 b - a book of Conjurations

   Spells                             Type                      Level
   a - Magic Dart                     Conjuration                  1
   b - Searing Ray                    Conjuration                  2
   c - Dazzling Spray                 Conjuration/Hexes            3
   d - Fulminant Prism                Conjuration/Hexes            4
   e - Iskenderun's Mystic Blast      Conjuration                  4
   f - Iskenderun's Battlesphere      Conjuration/Charms           5
Comestibles
 c - 2 bread rations
 i - 6 fruits


   Skills:
 + Level 1.2 Fighting
 + Level 0.7 Armour
 * Level 3.5 Dodging
 + Level 3.0 Stealth
 * Level 3.9 Spellcasting
 * Level 5.0 Conjurations
 + Level 1.3 Hexes


You couldn't memorise any spells.
You knew the following spells:

 Your Spells              Type           Power        Failure   Level  Hunger
a - Magic Dart            Conj           ####         1%          1    None
b - Searing Ray           Conj           ####..       1%          2    #......
c - Dazzling Spray        Conj/Hex       ###.....     12%         3    ###....
d - Iskenderun's Mystic   Conj           ####....     17%         4    ####...


Dungeon Overview and Level Annotations

Branches:
Dungeon (4/15)
 Temple: D:4-7

Altars:
Dithmenos
Okawaru
Zin


Message History

Unknown command.
Casting: Dazzling Spray
Confirm with . or Enter, or press ? or * to list all spells.
Aiming: Dazzling Spray
Press: ? - help, Shift-Dir - straight line The spray of energy hits something.
Something hits you but does no damage.
Casting: Dazzling Spray
Confirm with . or Enter, or press ? or * to list all spells.
Aiming: Dazzling Spray
Press: ? - help, Shift-Dir - straight line The spray of energy hits something.
You hear some strange, mumbled words.
A magic dart appears from out of thin air!
The magic dart hits you!
* * * LOW HITPOINT WARNING * * *
You see here a worm corpse.
You hear some strange, mumbled words.
A puff of flame appears from out of thin air!
The puff of flame hits you! You resist.
You die...

.)..######.##.##.#
###.# #.......#
#.# #.......#
###.### #.##.##.#
#.....# #.##.##.#
#.(...# #.##..#.#
#.(...# #.###.#.#
#..<..# #.##..#†#
#.....# #......@#
####### ####[####
#.# #.# ##
#######.# .#
#.....#.# .#
#.###.#.# .#
#.#.....#
.######.#.#.###


There were no monsters in sight!

Vanquished Creatures
  3 gnolls (D:2)
  5 adders
  A worm (D:3)
  9 orcs (D:3)
  5 bats
  A giant cockroach (D:3)
  7 goblins
  5 hobgoblins
  2 jackals (D:1)
  2 ball pythons
  4 giant newts
  3 kobolds
  5 rats
52 creatures vanquished.

Notes
Turn   | Place    | Note
--------------------------------------------------------------
     0 | D:1      | Kidiri the Deep Elf Conjurer began the quest for the Orb.
     0 | D:1      | Reached XP level 1. HP: 10/10 MP: 6/6
   196 | D:1      | Reached XP level 2. HP: 15/15 MP: 2/8
   200 | D:1      | Learned a level 2 spell: Searing Ray
  1081 | D:2      | Reached skill level 1 in Fighting
  1160 | D:2      | Reached XP level 3. HP: 20/20 MP: 4/9
  1165 | D:2      | Learned a level 3 spell: Dazzling Spray
  1366 | D:2      | Found a shadowy altar of Dithmenos.
  1733 | D:2      | Reached XP level 4. HP: 20/25 MP: 1/11
  1841 | D:2      | Learned a level 4 spell: Iskenderun's Mystic Blast
  1859 | D:2      | Found a glowing silver altar of Zin.
  1860 | D:2      | Noticed an angel
  2027 | D:3      | Reached skill level 1 in Hexes
  2038 | D:3      | Reached skill level 5 in Conjurations
  2344 | D:3      | Found an iron altar of Okawaru.
  2630 | D:3      | HP: 1/25 [something/magic dart (6)]
  2632 | D:3      | Killed from afar by an orc wizard

Vault maps used:
D:1:      elethiomel_arrival_infinity_welcomes_careful_drivers
D:2:      zin_angel, nicolae_dithmenos_through_a_glass_darkly
D:3:      kennysheep_goblin_castle, old_standard_altar, first_bread,
          gup_sewer_entry_bowl, grunt_ministairs_9
D:4:      nemelex_xobeh_ov_fountains_minmay, serial_shops, shop,
          uniq_crazy_yiuf_cottage, uniq_sigmund, uniq_duvessa

Action                   |  1- 3 |  4- 6 || total
-------------------------+-------+-------++-------
Melee: Unarmed           |     2 |       ||     2
       Club              |     1 |       ||     1
       Dagger            |     2 |     7 ||     9
       Short sword       |       |    34 ||    34
Throw: Throwing net      |       |     1 ||     1
 Cast: Magic Dart        |    66 |    39 ||   105
       Dazzling Spray    |       |     8 ||     8
  Use: Scroll            |     5 |     1 ||     6
       Potion            |       |     4 ||     4
 Stab: Sleeping          |     1 |     1 ||     2
       Invisible         |       |     1 ||     1
  Eat: Chunk             |     2 |     1 ||     3
       Beef jerky        |       |     1 ||     1
